 Dungeon Crawl Stone Soup version 0.29.0-13-gc9e81de378 (webtiles) character file.

Game seed: 7067300076818493971

947 p0b the Chopper (level 8, -3/60 (68) HPs)
             Began as a Hill Orc Fighter on Sept 10, 2022.
             Slain by a wight
             ... wielding a +4 long sword
              (6 damage)
             ... on level 6 of the Dungeon.
             The game lasted 00:30:54 (5435 turns).

p0b the Chopper (Hill Orc Fighter)                  Turns: 5435, Time: 00:30:55

HP:   -3/60 (68)    AC: 12    Str: 21    XL:     8   Next: 13%
MP:   8/8           EV:  7    Int:  8    God:
Gold: 398           SH:  4    Dex: 10    Spells: 7/7 levels left

rFire   . . .      SeeInvis .   q - +8 spear of the Lesser Evil {vorpal, +Blink rElec rN++}
rCold   . . .      Faith    .   c - +0 buckler
rNeg    + + .      Spirit   .   h - +1 chain mail
rPois   .          Reflect  .   (no helmet)
rElec   +          Harm     .   (no cloak)
rCorr   .          Rampage  .   i - +0 pair of gloves
Will    .....                   (no boots)
Stlth   ..........              (no amulet)
HPRegen 0.20/turn               (no ring)
MPRegen 0.11/turn               (no ring)

@: mighty, about to teleport, heavily drained
A: no striking features
a: Evoke Blink


You were on level 6 of the Dungeon.
You visited 1 branch of the dungeon, and saw 6 of its levels.

You collected 398 gold pieces.

Inventory:

Hand Weapons
 a - a +1 war axe
 f - the +5 dagger "Oloujos" {freeze, *Noise rF+ rC+}
   (You found it on level 3 of the Dungeon)

   It freezes those it strikes, dealing additional cold damage.
   It can also slow down cold-blooded creatures.
   rF:        It protects you from fire.
   rC:        It protects you from cold.
   *Noise:    It may make noises in combat.
 q - the +8 spear of the Lesser Evil (weapon) {vorpal, +Blink rElec rN++}
   (You found it on level 3 of the Dungeon)

   It inflicts extra damage upon your enemies.
   rElec:     It insulates you from electricity.
   rN:        It greatly protects you from negative energy.
   +Blink:    It lets you blink.
Armour
 b - a +0 scale mail
 c - a +0 buckler (worn)
 h - a +1 chain mail (worn)
 i - a +0 pair of gloves (worn)
Magical Staves
 n - a staff of fire
Jewellery
 r - a ring of positive energy
Wands
 o - a wand of polymorph (8)
Scrolls
 g - 2 scrolls of teleportation
 k - a scroll of fear
 m - a scroll of summoning {unknown}
 u - 3 scrolls of identify
 x - a scroll of immolation
 y - a scroll of brand weapon {unknown}
Potions
 d - a potion of might
 e - 2 potions of lignification {unknown}
 j - 2 potions of brilliance {unknown}
 l - 3 potions of curing {unknown}
 p - a potion of cancellation {unknown}
 s - a potion of haste {unknown}
 v - a potion of attraction {unknown}
 w - a potion of mutation {unknown}
 z - 2 potions of flight {unknown}
 A - a potion of resistance {unknown}


   Skills:
 * Level 5.1 Fighting
 * Level 6.9(7.8) Axes
 * Level 4.6(6.0) Polearms
 * Level 6.1 Armour
 + Level 0.8 Dodging
 + Level 0.1 Stealth
 + Level 3.8 Shields


You had 7 spell levels left.
You didn't know any spells.
Your spell library contained the following spells:

 Spells                   Type           Power      Damage    Failure   Level
 Beastly Appendage        Tmut           0%         N/A       99%         1
 Wereblood                Tmut           0%         N/A       100%        2
 Call Canine Familiar     Summ           0%         N/A       100%        3
 Ignite Poison            Fire/Tmut/Pois 0%         N/A       100%        3
 Mephitic Cloud           Conj/Pois/Air  0%         N/A       100%        3
 Portal Projectile        Hex/Tloc       0%         N/A       100%        3
 Spider Form              Tmut/Pois      0%         N/A       100%        3
 Leda's Liquefaction      Hex/Erth       0%         N/A       100%        4
 Alistair's Intoxication  Tmut/Pois      0%         N/A       100%        5
 Borgnjor's Vile Clutch   Necr/Erth      0%         N/A       100%        5
 Freezing Cloud           Conj/Ice/Air   0%         6-21      100%        5
 Eringya's Noxious Bog    Tmut/Pois      0%         N/A       100%        6
 Chain Lightning          Conj/Air       0%         N/A       100%        9
 Fire Storm               Conj/Fire      0%         5d1       100%        9
 Shatter                  Erth           0%         3d5*      100%        9


Dungeon Overview and Level Annotations

Branches:
Dungeon (6/15)
 Temple: D:4-7

Altars:
Dithmenos


Message History

The wight is heavily damaged.
The wight hits you but does no damage. x2
You hit the wight.
The wight is severely damaged.
The wight hits you but does no damage.
The wight hits you with a +0 great sword!
You partially resist.
You feel drained.
The wight hits you with a +5 war axe of freezing.
The wight freezes you.
You feel much better.
The wight hits you with a +0 great sword.
The wight hits you with a +5 war axe of freezing!
The wight freezes you. The wight barely misses you.
The wight hits you but does no damage.
You feel very mighty all of a sudden.
The wight hits you with a +0 great sword.
The wight hits you but does no damage.
The wight hits you with a +4 long sword!
The wight hits you with a +5 war axe of freezing.
You partially resist. The wight freezes you.
You feel much better.
The wight hits you with a +5 war axe of freezing!
You partially resist.
You feel drained. The wight freezes you.
The wight hits you with a +0 great sword!
You partially resist.
You feel drained.
The wight hits you with a +0 dire flail!
* * * LOW HITPOINT WARNING * * *
The wight hits you but does no damage.
As you read the scroll of teleportation, it crumbles to dust.
You feel strangely unstable.
The wight hits you with a +5 war axe of freezing!
* * * LOW HITPOINT WARNING * * *
You partially resist.
You feel drained. The wight freezes you.
* * * LOW HITPOINT WARNING * * *
The wight barely misses you.
The wight hits you with a +0 dire flail.
* * * LOW HITPOINT WARNING * * *
You partially resist.
You feel drained.
The wight hits you with a +4 long sword.
You die...

... . #!#
># #.###.#
# #..$..# #
#.......#.#
#.#z......#
#.zzz.....#
#@z# #..#
.....
##..###
#... ##.##
.. ##


You could see 5 wights.

Vanquished Creatures
  Eustachio (D:5)
  2 ice beasts
  A sky beast (D:4)
  An ogre (D:5)
  A phantom (D:5)
  2 jellies
  2 hounds
  An orc wizard (D:5)
  8 adders
  2 ufetubi
  4 worms
  6 dart slugs
  3 orcs
  5 endoplasms
  3 giant cockroaches
  8 goblins
  12 hobgoblins
  7 jackals
  4 quokkas
  4 ball pythons
  4 bats
  2 frilled lizards (D:1)
  4 kobolds
  6 rats
93 creatures vanquished.

Notes
Turn   | Place    | Note
-------+----------+-------------------------------------------
     0 | D:1      | p0b the Hill Orc Fighter began the quest for the Orb.
     0 | D:1      | Reached XP level 1. HP: 19/19 MP: 1/1
    47 | D:1      | Found a faded altar of an unknown god.
   294 | D:1      | Reached XP level 2. HP: 16/27 MP: 2/2
   856 | D:1      | Reached XP level 3. HP: 24/33 MP: 3/3
  1671 | D:2      | Reached XP level 4. HP: 40/40 MP: 4/4
  2619 | D:3      | Reached XP level 5. HP: 40/46 MP: 5/5
  2674 | D:3      | Identified the +5 dagger "Oloujos" {freeze, *Noise rF+ rC+}
  2925 | D:3      | Found a transporter.
  2947 | D:3      | Found a transporter.
  3391 | D:3      | Reached skill level 5 in Axes
  3414 | D:3      | Identified the +8 spear of the Lesser Evil {vorpal, +Blink
                  | rElec rN++}
  3929 | D:4      | Noticed an ice beast
  3937 | D:4      | Killed an ice beast
  3938 | D:4      | Reached skill level 1 in Polearms
  3938 | D:4      | Reached skill level 5 in Armour
  3938 | D:4      | Reached XP level 6. HP: 53/53 MP: 6/6
  4465 | D:4      | Noticed a sky beast
  4486 | D:4      | Killed a sky beast
  4487 | D:4      | Reached XP level 7. HP: 45/60 MP: 7/7
  4682 | D:5      | Entered Level 5 of the Dungeon
  4734 | D:5      | Found a shadowy altar of Dithmenos.
  5036 | D:5      | Noticed Eustachio
  5051 | D:5      | Killed Eustachio
  5052 | D:5      | Reached skill level 5 in Fighting
  5060 | D:5      | Reached XP level 8. HP: 61/68 MP: 8/8
  5435 | D:6      | HP: 3/61 [wight/+0 dire flail (5)]
  5435 | D:6      | Slain by a wight

Illustrated notes

Levels and vault maps discovered:
D:1:      amcnicky_arrival_gap_in_the_tavern_cellar, layout_basic,
          chequers_ecumenical_altar_island
D:2:      minmay_chambers_of_twos, layout_basic
D:3:      gammafunk_wand_slinger, layout_basic, kennysheep_generic_room_7
D:4:      layout_basic, grunt_ministairs_5
D:5:      layout_basic, lemuel_tele_altar, uniq_eustachio
D:6:      layout_loops_cross, nicolae_ru_great_annihilating_truth,
          kennysheep_generic_room_4, uniq_menkaure, uniq_sigmund

Skill      XL: |  1  2  3  4  5  6  7 |
---------------+----------------------+-----
Axes           | 3 4 5 6 |  6.9
Armour         | 4 5 6 |  6.1
Fighting       | 4 5 |  5.1
Polearms       | 1 2 4 |  4.6
Dodging        | |  0.8
Stealth        | |  0.1
Shields        | |  3.8

Action                   |  1- 3 |  4- 6 |  7- 9 || total
-------------------------+-------+-------+-------++-------
Melee: War axe           |    98 |   109 |       ||   207
       Spear             |       |    59 |    53 ||   112
 Abil: Evoke Blink       |       |       |     1 ||     1
  Use: Scroll            |       |     5 |     6 ||    11
       Potion            |       |     1 |     4 ||     5
Armor: Scale mail        |    34 |       |       ||    34
       Chain mail        |    18 |   101 |    23 ||   142
Dodge: Dodged            |    50 |    40 |    20 ||   110
Block: Buckler           |    23 |    30 |     9 ||    62
